General information
- name: BNet
- type: Ladder team game (AT/RT)
- host: Battle.net
- saver: DanielCormier
map: TwilightRuins_LV
- players: 8
- length: 20:22
- speed: Fast
- version: 1.30 W3XP
- replay type: Public
» download(269 KB)
Players
team 1 (loser)

»
Area51 (
purple | 120 APM | 2438 actions | 20:21)
4 Death Knight
2 Death Coil
2 Unholy Aura
4 Dreadlord
3 Sleep
1 Vampiric Aura
2 Lich
1 Frost Nova
1 Frost Armor
» actions
| Assign group hotkey | 114 | |
| Basic commands | 128 | |
| Build / train | 89 | |
| Enter build submenu | 20 | |
| Enter hero's abilities submenu | 9 | |
| Give item / drop item | 8 | |
| Remove unit from queue | 1 | |
| Right click | 1172 | |
| Select / deselect | 382 | |
| Select group hotkey | 440 | |
| Use ability | 75 | |
2438 total
» units
| Acolyte | 14 | |
| Ghoul | 12 | |
| Gargoyle | 10 | |
| Frost Wyrm | 2 | |
| Gryphon Rider | 2 | |
| Shaman | 8 | |
48 total
» upgrades
| Unholy Strength | 2 | |
| Ghoul Frenzy | 1 | |
| Unholy Armor | 2 | |
| Creature Carapace | 2 | |
| Creature Attack | 2 | |
| Stone Form | 1 | |
10 total
» buildings
| Necropolis | 1 | |
| Crypt | 3 | |
| Altar of Darkness | 1 | |
| Halls of the Dead | 1 | |
| Ziggurat | 6 | |
| Tomb of Relics | 1 | |
| Graveyard | 1 | |
| Black Citadel | 1 | |
| Nerubian Tower | 1 | |
| Spirit Tower | 2 | |
| Sacrificial Pit | 1 | |
| Boneyard | 1 | |
20 total
» build order
00:06 Necropolis
00:11 Crypt
00:48 Altar of Darkness
01:50 Halls of the Dead
02:14 Ziggurat
02:29 Tomb of Relics
02:58 Graveyard
04:21 Black Citadel
05:11 Ziggurat
06:00 Crypt
06:25 Ziggurat
07:04 Ziggurat
07:26 Nerubian Tower
07:57 Ziggurat
08:11 Spirit Tower
08:13 Ziggurat
10:42 Crypt
11:05 Spirit Tower
13:24 Sacrificial Pit
14:43 Boneyard
» items
| Rod of Necromancy | 2 | |
| Potion of Healing | 3 | |
| Orb of Corruption | 2 | |
| Potion of Mana | 1 | |
8 total
RuthafordSpanks (
red | 140 APM | 2417 actions | 17:18)
4 Blademaster
2 Wind Walk
2 Critical Strike
3 Shadow Hunter
1 Hex
2 Healing Wave
» actions
| Assign group hotkey | 14 | |
| Basic commands | 8 | |
| Build / train | 44 | |
| Enter build submenu | 18 | |
| Enter hero's abilities submenu | 7 | |
| Give item / drop item | 2 | |
| Right click | 1010 | |
| Select / deselect | 301 | |
| Select group hotkey | 952 | |
| Use ability | 61 | |
2417 total
» units
| Peon | 9 | |
| Grunt | 4 | |
| Tauren | 4 | |
| Shaman | 1 | |
18 total
» upgrades
| Shaman Training | 2 | |
| Pulverize | 1 | |
3 total
» buildings
| Altar of Storms | 1 | |
| Orc Burrow | 6 | |
| Barracks | 1 | |
| Voodoo Lounge | 1 | |
| Stronghold | 1 | |
| War Mill | 1 | |
| Watch Tower | 1 | |
| Fortress | 1 | |
| Spirit Lodge | 1 | |
| Tauren Totem | 2 | |
| Great Hall | 1 | |
17 total
» build order
00:08 Altar of Storms
00:19 Orc Burrow
00:51 Barracks
01:32 Orc Burrow
02:14 Voodoo Lounge
03:50 Stronghold
04:31 War Mill
05:44 Watch Tower
06:13 Fortress
06:16 Spirit Lodge
07:32 Orc Burrow
08:47 Tauren Totem
08:48 Tauren Totem
08:56 Orc Burrow
12:03 Orc Burrow
13:18 Orc Burrow
16:32 Great Hall
» items
| Boots of Speed | 1 | |
| Healing Salve | 4 | |
| Lesser Clarity Potion | 3 | |
| Orb of Lightning | 1 | |
| Scroll of Town Portal | 2 | |
| Potion of Healing | 1 | |
12 total
Fornoptious (
orange | 135 APM | 2323 actions | 17:11)
5 Archmage
1 Summon Water Elemental
3 Brilliance Aura
1 Blizzard
3 Paladin
2 Holy Light
1 Divine Shield
» actions
| Assign group hotkey | 30 | |
| Basic commands | 30 | |
| Build / train | 68 | |
| Enter build submenu | 35 | |
| Enter hero's abilities submenu | 9 | |
| Give item / drop item | 2 | |
| Right click | 892 | |
| Select / deselect | 215 | |
| Select group hotkey | 896 | |
| Use ability | 146 | |
2323 total
» units
| Peasant | 9 | |
| Footman | 5 | |
| Goblin Shredder | 1 | |
| Dragonhawk Rider | 5 | |
| Goblin Zeppelin | 2 | |
| Gryphon Rider | 2 | |
24 total
» upgrades
| Defend | 1 | |
| Armor | 3 | |
| Cloud | 1 | |
| Animal War Training | 1 | |
| Storm Hammers | 1 | |
| Masonry | 1 | |
| Swords | 1 | |
9 total
» buildings
| Farm | 13 | |
| Barracks | 1 | |
| Altar of Kings | 1 | |
| Scout Tower | 9 | |
| Arcane Tower | 2 | |
| Arcane Vault | 2 | |
| Lumber Mill | 1 | |
| Keep | 1 | |
| Blacksmith | 1 | |
| Castle | 1 | |
| Gryphon Aviary | 3 | |
| Town Hall | 1 | |
| Guard Tower | 5 | |
41 total
» build order
00:25 Farm
00:26 Barracks
00:51 Farm
00:54 Altar of Kings
01:33 Farm
01:58 Scout Tower
02:00 Scout Tower
02:14 Farm
02:26 Arcane Tower
03:00 Arcane Vault
03:37 Lumber Mill
04:17 Farm
04:23 Keep
05:12 Scout Tower
05:22 Blacksmith
06:45 Scout Tower
07:25 Castle
07:26 Gryphon Aviary
07:29 Gryphon Aviary
07:36 Farm
07:44 Arcane Tower
07:46 Scout Tower
07:49 Town Hall
08:02 Gryphon Aviary
08:15 Guard Tower
08:15 Scout Tower
08:20 Farm
08:42 Scout Tower
08:43 Guard Tower
08:43 Scout Tower
09:27 Guard Tower
09:31 Guard Tower
10:34 Arcane Vault
11:46 Farm
12:15 Farm
12:17 Farm
12:26 Farm
12:45 Farm
12:57 Farm
13:04 Scout Tower
14:55 Guard Tower
» items
| Scroll of Regeneration | 3 | |
| Scroll of Town Portal | 3 | |
| Staff of Sanctuary | 2 | |
| Mechanical Critter | 3 | |
| Potion of Healing | 1 | |
12 total
Khalid (
pink | 33 APM | 562 actions | 17:16)
4 Shadow Hunter
2 Serpent Ward
2 Healing Wave
» actions
| Basic commands | 1 | |
| Build / train | 46 | |
| Enter build submenu | 15 | |
| Enter hero's abilities submenu | 4 | |
| Right click | 316 | |
| Select / deselect | 129 | |
| Use ability | 51 | |
562 total
» units
| Peon | 5 | |
| Grunt | 13 | |
| Troll Headhunter/Berserker | 8 | |
| Raider | 4 | |
30 total
» upgrades
| Pillage | 1 | |
| Spiked Barricades | 2 | |
| Melee Weapons | 1 | |
| Ranged Weapons | 1 | |
| Berserker Strength | 1 | |
| Troll Regeneration | 1 | |
| Armor | 1 | |
| Shaman Training | 1 | |
9 total
» buildings
| War Mill | 1 | |
| Altar of Storms | 1 | |
| Orc Burrow | 4 | |
| Barracks | 1 | |
| Watch Tower | 4 | |
| Stronghold | 1 | |
| Beastiary | 1 | |
| Spirit Lodge | 1 | |
| Fortress | 1 | |
| Voodoo Lounge | 1 | |
16 total
» build order
00:09 War Mill
00:15 Altar of Storms
00:19 Orc Burrow
01:33 Barracks
02:17 Orc Burrow
03:20 Orc Burrow
04:28 Watch Tower
05:29 Stronghold
06:35 Watch Tower
07:45 Watch Tower
09:51 Beastiary
11:07 Orc Burrow
13:20 Spirit Lodge
15:31 Watch Tower
15:34 Fortress
16:38 Voodoo Lounge
team 2 (winner)
DanielCormier (
blue | 155 APM | 3152 actions | 20:22)
5 Tauren Chieftain
3 War Stomp
2 Endurance Aura
4 Shadow Hunter
2 Hex
2 Healing Wave
» actions
| Assign group hotkey | 31 | |
| Basic commands | 234 | |
| Build / train | 85 | |
| ESC pressed | 3 | |
| Enter build submenu | 13 | |
| Enter hero's abilities submenu | 9 | |
| Right click | 1522 | |
| Select / deselect | 681 | |
| Select group hotkey | 482 | |
| Use ability | 91 | |
3152 total
» units
| Peon | 23 | |
| Troll Headhunter/Berserker | 18 | |
| Goblin Shredder | 1 | |
| Wind Rider | 5 | |
| Troll Batrider | 5 | |
52 total
» upgrades
| Troll Regeneration | 1 | |
| Berserker Upgrade | 1 | |
| Ranged Weapons | 2 | |
| Envenomed Spears | 1 | |
5 total
» buildings
| Altar of Storms | 1 | |
| War Mill | 1 | |
| Barracks | 1 | |
| Orc Burrow | 4 | |
| Voodoo Lounge | 1 | |
| Stronghold | 1 | |
| Great Hall | 1 | |
| Fortress | 1 | |
| Beastiary | 2 | |
13 total
» build order
00:04 Altar of Storms
00:05 War Mill
00:28 Barracks
01:08 Orc Burrow
01:55 Voodoo Lounge
02:24 Orc Burrow
03:45 Stronghold
04:49 Orc Burrow
06:10 Great Hall
06:39 Fortress
12:01 Beastiary
12:03 Beastiary
16:48 Orc Burrow
» items
| Healing Salve | 3 | |
| Lesser Clarity Potion | 4 | |
| Potion of Mana | 3 | |
| Orb of Lightning | 1 | |
| Scroll of Town Portal | 2 | |
| Potion of Healing | 2 | |
15 total

»
ZhoR (
teal | 98 APM | 1991 actions | 20:21)
4 Far Seer
2 Feral Spirit
2 Chain Lighting
4 Shadow Hunter
2 Hex
2 Healing Wave
» actions
| Assign group hotkey | 36 | |
| Basic commands | 39 | |
| Build / train | 78 | |
| ESC pressed | 1 | |
| Enter build submenu | 17 | |
| Enter hero's abilities submenu | 10 | |
| Give item / drop item | 2 | |
| Right click | 1047 | |
| Select / deselect | 337 | |
| Select group hotkey | 322 | |
| Use ability | 102 | |
1991 total
» units
| Peon | 14 | |
| Kodo Beast | 1 | |
| Wind Rider | 8 | |
| Troll Batrider | 9 | |
| Shaman | 4 | |
36 total
» upgrades
| Ranged Weapons | 3 | |
| War Drums Damage Increase | 1 | |
| Reinforced Defenses | 1 | |
| Envenomed Spears | 1 | |
| Armor | 2 | |
| Shaman Training | 2 | |
10 total
» buildings
| Altar of Storms | 1 | |
| Orc Burrow | 5 | |
| Voodoo Lounge | 1 | |
| War Mill | 1 | |
| Stronghold | 2 | |
| Watch Tower | 1 | |
| Beastiary | 2 | |
| Fortress | 1 | |
| Great Hall | 1 | |
| Spirit Lodge | 2 | |
17 total
» build order
00:15 Altar of Storms
00:32 Orc Burrow
00:50 Voodoo Lounge
01:47 War Mill
02:16 Stronghold
02:16 Stronghold
02:34 Orc Burrow
04:15 Watch Tower
04:51 Beastiary
04:53 Beastiary
05:43 Orc Burrow
06:01 Fortress
08:47 Orc Burrow
10:10 Great Hall
11:56 Orc Burrow
16:46 Spirit Lodge
16:48 Spirit Lodge
» items
| Lesser Clarity Potion | 5 | |
| Scroll of Speed | 4 | |
| Healing Salve | 4 | |
| Dust of Appearance | 1 | |
| Periapt of Vitality | 1 | |
| Scroll of Town Portal | 2 | |
17 total

»
ElPimpoDeLaCasa (
green | 73 APM | 1490 actions | 20:21)
6 Paladin
3 Holy Light
2 Devotion Aura
1 Resurrection
» actions
| Assign group hotkey | 17 | |
| Basic commands | 57 | |
| Build / train | 61 | |
| Enter build submenu | 21 | |
| Enter hero's abilities submenu | 6 | |
| Give item / drop item | 1 | |
| Right click | 621 | |
| Select / deselect | 325 | |
| Select group hotkey | 312 | |
| Use ability | 69 | |
1490 total
» units
| Peasant | 6 | |
| Footman | 17 | |
| Knight | 13 | |
36 total
» upgrades
| Defend | 1 | |
| Plating | 3 | |
| Swords | 3 | |
| Animal War Training | 1 | |
8 total
» buildings
| Altar of Kings | 1 | |
| Farm | 12 | |
| Barracks | 2 | |
| Arcane Vault | 2 | |
| Blacksmith | 1 | |
| Keep | 1 | |
| Castle | 1 | |
| Lumber Mill | 1 | |
21 total
» build order
00:06 Altar of Kings
00:36 Farm
00:44 Barracks
01:08 Farm
01:45 Farm
01:54 Arcane Vault
01:58 Arcane Vault
02:38 Barracks
03:01 Blacksmith
03:05 Farm
04:07 Farm
05:35 Farm
06:21 Keep
07:54 Farm
07:57 Farm
08:44 Castle
11:08 Farm
11:30 Lumber Mill
11:35 Farm
13:09 Farm
13:10 Farm
» items
| Scroll of Regeneration | 4 | |
| Lesser Clarity Potion | 3 | |
7 total
user12 (
yellow | 54 APM | 1105 actions | 20:21)
6 Death Knight
3 Death Coil
2 Unholy Aura
1 Animate Dead
5 Lich
3 Frost Nova
2 Frost Armor
» actions
| Assign group hotkey | 43 | |
| Basic commands | 1 | |
| Build / train | 62 | |
| Enter build submenu | 24 | |
| Enter hero's abilities submenu | 11 | |
| Give item / drop item | 1 | |
| Remove unit from queue | 1 | |
| Right click | 325 | |
| Select / deselect | 257 | |
| Select group hotkey | 296 | |
| Use ability | 84 | |
1105 total
» units
| Acolyte | 12 | |
| Ghoul | 3 | |
| Crypt Fiend | 4 | |
| Goblin Shredder | 1 | |
| Obsidian Statue | 2 | |
| Abomination | 1 | |
| Frost Wyrm | 3 | |
26 total
» upgrades
| Web | 1 | |
| Creature Carapace | 3 | |
| Creature Attack | 3 | |
7 total
» buildings
| Ziggurat | 11 | |
| Altar of Darkness | 1 | |
| Crypt | 2 | |
| Graveyard | 1 | |
| Tomb of Relics | 2 | |
| Nerubian Tower | 4 | |
| Halls of the Dead | 1 | |
| Black Citadel | 1 | |
| Slaughterhouse | 1 | |
| Necropolis | 1 | |
| Sacrificial Pit | 1 | |
| Boneyard | 2 | |
28 total
» build order
00:09 Ziggurat
00:22 Altar of Darkness
00:37 Crypt
01:06 Graveyard
01:18 Tomb of Relics
01:44 Ziggurat
01:57 Nerubian Tower
03:57 Halls of the Dead
04:15 Ziggurat
05:21 Ziggurat
06:19 Black Citadel
06:47 Slaughterhouse
07:15 Necropolis
07:17 Ziggurat
07:17 Ziggurat
08:03 Ziggurat
08:58 Sacrificial Pit
09:15 Nerubian Tower
09:17 Nerubian Tower
10:52 Boneyard
11:23 Boneyard
12:17 Ziggurat
12:26 Ziggurat
14:12 Nerubian Tower
15:40 Tomb of Relics
15:42 Crypt
15:44 Ziggurat
15:44 Ziggurat
» items
| Rod of Necromancy | 2 | |
| Sacrificial Skull | 1 | |
| Scroll of Town Portal | 3 | |
| Orb of Corruption | 2 | |
| Potion of Mana | 1 | |
9 total
Chat log
(00:09 / Allies) ElPimpoDeLaCasa: hi
(00:20 / Allies) ElPimpoDeLaCasa: im going footies into knights
(00:29 / Allies) ZhoR: im going to hang myself if you make t3 melee in a 4v4 game
(00:39 / Allies) ElPimpoDeLaCasa: into if it happens
(01:16 / Allies) ElPimpoDeLaCasa: pally here
(01:36 / All) ZhoR: ggbtw
(01:40 / All) Area51: gl hf
(06:52 / All) ZhoR: you arent gonna surround me
(10:24 / Allies) ElPimpoDeLaCasa: WTF
(10:25 / Allies) ElPimpoDeLaCasa: IS THAT RANGE
(10:34 / Allies) ElPimpoDeLaCasa: A WAS A FUCKING YEAR AWAY
(10:39 / All) Area51: OIH U MOTHA FUCKA
(10:51 / All) Area51: UR Dead
(11:32 / All) ZhoR: ff with tower lmfao ur so mad
(11:40 / All) Area51: ur SO DEAD
(11:41 / All) Area51: haha
(11:50 / All) ZhoR: prob
(11:52 / All) ZhoR: this nigga massin knights in 4s
(12:47 / Allies) ElPimpoDeLaCasa: DO WE WANNA HIT
(13:20 / Allies) ElPimpoDeLaCasa: 3 armor footies
(13:22 / Allies) ElPimpoDeLaCasa: with max defiance
(13:30 / Allies) ZhoR: are still free exp vs mass air
(13:38 / Allies) ElPimpoDeLaCasa: nope
(13:41 / Allies) ElPimpoDeLaCasa: footies beat wind riders
(13:42 / Allies) ElPimpoDeLaCasa: bt
(13:43 / Allies) ElPimpoDeLaCasa: btw
(13:54 / Allies) ZhoR: they dont beat magic damage air
(13:57 / Allies) ElPimpoDeLaCasa: true
(17:14 / All) Area51: lol team so noob
(18:30 / Allies) DanielCormier: why r niggas making gargs nowadays
(18:40 / Allies) ZhoR: they saw me make 3 wyvs so they all massed anti air
(18:44 / Allies) ZhoR: and in turn lost cuz bad
(19:00 / Allies) ElPimpoDeLaCasa: lol
(19:09 / Allies) ElPimpoDeLaCasa: thougut purp was ally
(19:12 / Allies) ElPimpoDeLaCasa: costly mistake
(19:40 / Allies) ElPimpoDeLaCasa: can i have golf plz
(19:42 / Allies) ElPimpoDeLaCasa: gold
(19:52 / Allies) ElPimpoDeLaCasa: thanks
(20:19 / Allies) ElPimpoDeLaCasa: but hey i did make nights
(20:20 / Allies) ElPimpoDeLaCasa: yay me